 Dungeon Crawl Stone Soup version 0.25.1-2-g60ff931df9 (webtiles) character file.

Game seed: 17282522930432243401

25 DogServant the Chiller (level 3, 0/26 HPs)
             Began as a Barachi Ice Elementalist on Oct 16, 2020.
             Slain by an adder (1 damage)
             ... on level 2 of the Dungeon.
             The game lasted 00:01:31 (1388 turns).

DogServant the Chiller (Barachi Ice Elementalist)   Turns: 1388, Time: 00:01:32

Health: 0/26       AC:  2    Str:  9    XL:     3   Next: 4%
Magic:  6/7        EV: 12    Int: 16    God:
Gold:   55         SH:  0    Dex: 12    Spells: 6/7 levels left

rFire    . . .     SeeInvis .   g - +2 spear (freeze)
rCold    . . .     Gourm    .   (no shield)
rNeg     . . .     Faith    .   a - +0 robe
rPois    .         Spirit   .   (no helmet)
rElec    .         Reflect  .   (no cloak)
rCorr    .         Harm     .   (no gloves)
MR       .....                  (no boots)
Stlth    ++........             (no amulet)
HPRegen  0.08/turn              (no ring)
MPRegen  0.10/turn              (no ring)

@: lethally poisoned (0 -> -14), slow
A: +LOS, swims, slowness 1, strong legs 1
a: Hop


You were on level 2 of the Dungeon.
You were not hungry.

You visited 1 branch of the dungeon, and saw 2 of its levels.

You collected 55 gold pieces.

Inventory:

Hand Weapons
 g - a +2 spear of freezing (weapon)
Armour
 a - a +0 robe (worn)
 d - a +0 leather armour
Scrolls
 b - 2 scrolls of amnesia {unknown}
 e - a scroll of random uselessness {unknown}
 f - a scroll of fear {unknown}
 h - a scroll of teleportation {unknown}
Potions
 i - a potion of flight {unknown}
Comestibles
 c - 2 rations
 j - 3 chunks of flesh


   Skills:
 + Level 1.5 Fighting
 + Level 0.1 Polearms
 - Level 2.1 Dodging
 - Level 1.7 Stealth
 + Level 2.7 Spellcasting
 + Level 5.2 Ice Magic


You had 6 spell levels left.
You knew the following spells:

 Your Spells              Type           Power        Failure   Level  Hunger
a - Freeze                Ice            ###.         2%          1    #......

Your spell library contained the following spells:

 Spells                   Type           Power        Failure   Level  Hunger
 Frozen Ramparts          Ice            ###...       7%          3    ###....
 Ozocubu's Armour         Chrm/Ice       ##......     21%         3    ###....
 Hailstorm                Conj/Ice       ##......     54%         4    #####..
 Summon Ice Beast         Ice/Summ       ##......     54%         4    #####..


Dungeon Overview and Level Annotations

Branches:
Dungeon (2/15)

Altars:


Innate Abilities, Weirdness & Mutations

You can be seen from farther away. (+LOS)
You can swim through water.
You cover ground slowly.
You can hop short distances.


Message History

The adder is lightly wounded.
The adder misses you.
You hit the adder. You freeze the adder.
The adder is heavily wounded.
The adder bites you.
* * * LOW HITPOINT WARNING * * *
You are lethally poisoned!
The adder poisons you!
You hit the adder. You freeze the adder.
The adder is almost dead.
* * * LOW HITPOINT WARNING * * *
You feel sick.
The adder is no longer moving slowly.
The adder closely misses you.
You miss the adder.
The adder is almost dead.
The adder bites you.
* * * LOW HITPOINT WARNING * * *
You are more poisoned.
The adder poisons you! The adder bites you.
You die...

#.#####.#
#.#####.#######
#>............+
#.....#.#######
#..##.#รท#
#..#.<#.#
#..#..#.#
#..#....#
#..#@####
#..#S#######
#...w......+
##.#.....###
#.#####.# #.. #
###


You could see a worm and an adder.

Vanquished Creatures
  3 leopard geckos (D:1)
  A ball python (D:1)
  2 giant cockroaches (D:1)
  3 goblins (D:1)
  4 hobgoblins (D:1)
  3 kobolds (D:1)
  A frilled lizard (D:1)
  2 rats (D:2)
19 creatures vanquished.

Notes
Turn   | Place    | Note
-------+----------+-------------------------------------------
     0 | D:1      | DogServant the Barachi Ice Elementalist began the quest for
                  | the Orb.
     0 | D:1      | Reached XP level 1. HP: 13/13 MP: 3/3
   180 | D:1      | Reached skill level 5 in Ice Magic
   466 | D:1      | Reached XP level 2. HP: 20/20 MP: 3/5
   603 | D:1      | Reached skill level 1 in Fighting
  1308 | D:1      | Reached XP level 3. HP: 26/26 MP: 7/7
  1388 | D:2      | HP: 1/26 [adder (5)]
  1388 | D:2      | Slain by an adder

Illustrated notes

Levels and vault maps discovered:
D:1:      dpeg_arrival_round_a, layout_basic
D:2:      layout_basic

Skill      XL: |  1  2 |
---------------+-------+-----
Ice Magic      | 5 |  5.2
Fighting       | 1 |  1.5
Polearms       | |  0.1
Dodging        | |  2.1
Stealth        | |  1.7
Spellcasting   | |  2.7

Action                   || total
-------------------------++-------
Melee: Unarmed           ||    22
       Spear             ||    23
 Cast: Freeze            ||    19
 Stab: Sleeping          ||     2
  Eat: Chunk             ||     2
Armor: Robe              ||    10
Dodge: Dodged            ||    27
